 Dungeon Crawl Stone Soup version 0.31.0-9-g3a7656b989 (webtiles) character file.

Game seed: 11719077711833125316

804 Arcadio the Trooper (level 7, -6/57 HPs)
             Began as a Human Monk on Jan 24, 2024.
             Was an Initiate of Gozag.
             Mangled by a black bear (8 damage)
             ... on level 5 of the Dungeon.
             The game lasted 00:04:58 (4098 turns).

Arcadio the Trooper (Human Monk)                    Turns: 4098, Time: 00:05:00

Health: -6/57      AC:  6    Str: 17    XL:     7   Next: 91%
Magic:  7/7        EV: 12    Int: 10    God:    Gozag
Gold:   470        SH:  0    Dex: 18    Spells: 6/6 levels left

rFire   . . .        v - +0 broad axe
rCold   . . .        d - orb {light}
rNeg    . . .        m - +0 scale mail
rPois   .            (no helmet)
rElec   .            (no cloak)
rCorr   .            (no gloves)
SInv    .            (no boots)
Will    .....        (no amulet) Stlth
                     e - +4 ring of slaying
HPRegen 0.29/turn    p - +6 ring of strength
MPRegen 0.10/turn

%: no passive effects
@: glowing
A: explore regen
a: Renounce Religion, Potion Petition, Call Merchant, Bribe Branch


You were on level 5 of the Dungeon.
You worshipped Gozag.
Gozag was aware of your devotion.
You visited 1 branch of the dungeon, and saw 5 of its levels.

You collected 470 gold pieces.

Inventory:

Hand Weapons
 a - a +1 falchion
 v - a +0 broad axe (weapon)
Armour
 b - a +0 robe
 d - an orb of light (worn)
 m - a +0 scale mail (worn)
 q - a +0 chain mail
Jewellery
 e - a +4 ring of slaying (left hand)
 p - a +6 ring of strength (right hand)
Scrolls
 f - a scroll of revelation {unknown}
 h - a scroll of enchant weapon
 i - a scroll of poison {unknown}
 j - a scroll of identify {unknown}
 n - 4 scrolls of teleportation
 o - 2 scrolls of vulnerability {unknown}
 u - a scroll of blinking {unknown}
 w - a scroll of silence {unknown}
Potions
 c - a potion of ambrosia
 g - 3 potions of enlightenment {unknown}
 k - a potion of invisibility {unknown}
 l - 2 potions of brilliance {unknown}
 r - a potion of heal wounds {unknown}
 s - a potion of berserk rage {unknown}
 t - a potion of curing {unknown}


   Skills:
 + Level 5.8 Fighting
 + Level 5.7 Long Blades
 + Level 5.7 Dodging


You had 6 spell levels left.
You didn't know any spells.
Your spell library contained the following spells:

 Spells                   Type           Power      Damage    Failure   Level
 Lesser Beckoning         Tloc           0%         N/A       91%         2
 Gell's Gravitas          Tloc           0%         N/A       99%         3
 Teleport Other           Tloc           0%         N/A       99%         3


Dungeon Overview and Level Annotations

Branches:
Dungeon (5/15)
 Temple: D:4-7

Altars:
Gozag

Annotations:
D:3 1 runed translucent door
D:4 2 transporters, Karim's ghost, amateur GnEE


Innate Abilities, Weirdness & Mutations

You regain HP and MP as you explore.


Message History

The black bear barely misses you. x2; The black bear bites you.
The black bear closely misses you. x2
You barely miss the black bear. The black bear bites you.
The black bear claws you but does no damage.
The black bear misses you.
You barely miss the black bear. The black bear barely misses you.
The black bear claws you but does no damage. x2
The black bear misses you.
The black bear claws you but does no damage.
The black bear misses you.
You slash the black bear!
The black bear is moderately wounded.
The black bear bites you. The black bear closely misses you.
The black bear barely misses you. The black bear bites you.
The black bear claws you. x2
You hit the black bear.
The black bear is heavily wounded.
The black bear bites you. The black bear closely misses you.
The black bear claws you but does no damage.
You slash the black bear!
The black bear is almost dead.
The black bear bites you! The black bear misses you.
The black bear claws you but does no damage.
The black bear goes berserk!
You barely miss the black bear.
The black bear is almost dead.
The black bear barely misses you. The black bear claws you.
The black bear claws you but does no damage.
The black bear bites you. The black bear completely misses you.
The black bear claws you but does no damage.
You hit the black bear.
The black bear is almost dead.
The black bear bites you.
* * * LOW HITPOINT WARNING * * *
The black bear claws you.
* * * LOW HITPOINT WARNING * * *
The black bear claws you but does no damage.
The black bear bites you!
You die...
Your body crumbles into a pile of gold.

.....##.###
####......# #
#.##.#.# #.
#.#....# ##.#
######......#
##...##...........#
#
........####......#
# ###..#..#
#.#...## ## #. #.@#
#.##.## ##. # #.h#
#.##.######.. #..#
#.# .##..<... #..#
#.# .##.##... )>..
... #.##... ....#
#.##~.. ##..#
#######.##⌠~. #..#
#.......##~..
#.#####.##..[


You could see a black bear (berserk).

Vanquished Creatures
  The ghost of kaychamo the Sneak, an amateur FeSh (D:3)
  An ice beast (D:5)
  4 ogres
  A scorpion (D:5)
  A jelly (D:4)
  Natasha (D:3)
  5 adders
  2 gnolls (D:2)
  A dart slug (D:1)
  4 ribbon worms
  4 orcs
  6 endoplasms
  6 goblins
  10 hobgoblins
  8 jackals (D:1)
  7 kobolds
  14 quokkas
  7 ball pythons
  5 bats
  3 frilled lizards
  3 rats
94 creatures vanquished.

Notes
Turn   | Place    | Note
-------+----------+-------------------------------------------
     0 | D:1      | Arcadio the Human Monk began the quest for the Orb.
     0 | D:1      | Reached XP level 1. HP: 18/18 MP: 1/1
    81 | D:1      | Reached XP level 2. HP: 24/24 MP: 2/2
   271 | D:1      | Reached XP level 3. HP: 29/29 MP: 3/3
  1037 | D:2      | Reached XP level 4. HP: 37/37 MP: 4/4
  1871 | D:3      | Found a runed translucent door.
  2140 | D:3      | Found an opulent altar of Gozag.
  2148 | D:3      | Became a worshipper of Gozag Ym Sagoz the Greedy
  2157 | D:3      | Noticed Natasha
  2163 | D:3      | Killed Natasha
  2164 | D:3      | Reached XP level 5. HP: 31/42 MP: 5/5
  2219 | D:3      | Found a runed translucent door.
  2224 | D:3      | Noticed kaychamo's ghost (amateur FeSh)
  2249 | D:3      | Killed kaychamo's ghost
  2250 | D:3      | Reached XP level 6. HP: 21/49 MP: 6/6
  2734 | D:4      | Reached skill level 5 in Fighting
  2734 | D:4      | Reached skill level 5 in Long Blades
  2734 | D:4      | Reached skill level 5 in Dodging
  2734 | D:4      | Reached XP level 7. HP: 18/56 MP: 7/7
  2930 | D:4      | Noticed Karim's ghost (amateur GnEE)
  2995 | D:4      | Found a transporter.
  3019 | D:4      | Found a transporter.
  3718 | D:5      | Entered Level 5 of the Dungeon
  3829 | D:5      | HP: 2/56 [ogre/+0 giant spiked club (20)]
  4098 | D:5      | HP: 2/57 [black bear (6)]
  4098 | D:5      | Mangled by a black bear

Illustrated notes

Levels and vault maps discovered:
D:1:      wander_arrival_lonely_grave, layout_basic, minmay_tree_intersection,
          minmay_misc_feat_diagonals, minmay_misc_feat_cross, hex_tiny,
          serial_bayou_pond_e
D:2:      wad_woods_tower, layout_basic
D:3:      layout_rooms, lemuel_crystal_altar, ebering_ghost_sewer_f,
          nicolae_concentric_dashed_squares_wild, serial_bayou_pond_a,
          due_unseen_surprise, uniq_natasha
D:4:      minmay_wonky_spiral, layout_basic, gammafunk_ghost_arena
D:5:      layout_loops_ring, minmay_temple_entry_water_ring,
          kennysheep_decorative_pillar, kennysheep_generic_room_5

Skill      XL: |  1  2  3  4  5  6 |
---------------+-------------------+-----
Fighting       | 4 5 |  5.8
Long Blades    | 4 5 |  5.7
Dodging        | 4 5 |  5.7

Action                     |  1- 3 |  4- 6 |  7- 9 || total
---------------------------+-------+-------+-------++-------
  Melee: Falchion          |    65 |   106 |    43 ||   214
         Broad axe         |       |       |    24 ||    24
    Use: Scroll            |       |     2 |       ||     2
 Armour: Robe              |    24 |       |       ||    24
         Scale mail        |       |    53 |    53 ||   106
  Dodge: Dodged            |    34 |    50 |    49 ||   133
